 Dungeon Crawl Stone Soup version 0.20-a0-629-gc37eb77 (webtiles) character file.

216 HallandMoats the Skirmisher (level 5, -3/43 HPs)
             Began as a Demonspawn Fighter on Feb 10, 2017.
             Killed by nerve-wracking pain
             ... invoked by an orc priest
              (11 damage)
             ... on level 3 of the Dungeon.
             The game lasted 00:03:54 (2376 turns).

HallandMoats the Skirmisher (Demonspawn Fighter)    Turns: 2376, Time: 00:03:55

Health: -3/43      AC: 12    Str: 21    XL:     5   Next: 61%
Magic:  0/5        EV:  3    Int:  9    God:
Gold:   64         SH:  9    Dex: 14    Spells: 4/4 levels left

rFire    . . .     SeeInvis .   a - +0 long sword
rCold    . . .     Gourm    .   m - +0 plate armour
rNeg     . . .     Faith    .   c - +0 shield
rPois    +         Spirit   +   (no helmet)
rElec    .         Reflect  .   (no cloak)
rCorr    .         Harm     .   (no gloves)
MR       .....                  e - +0 pair of boots
Stlth    ..........             (no amulet)
Regen    0.2/turn               (no ring)
                                i - ring of poison resistance

@: mighty
A: powered by death 2, magic shield
a: no special abilities


You were on level 3 of the Dungeon.
You were not hungry.

You visited 1 branch of the dungeon, and saw 3 of its levels.

You collected 64 gold pieces.

Inventory:

Hand Weapons
 a - a +0 long sword (weapon)
Armour
 c - a +0 shield (worn)
 e - a +0 pair of boots (worn)
 m - a +0 plate armour (worn)
Jewellery
 i - a ring of poison resistance (left hand)
Scrolls
 b - a scroll of teleportation {unknown}
 k - a scroll of fog {unknown}
 n - a scroll of magic mapping {unknown}
 o - 2 scrolls of amnesia {unknown}
 r - a scroll of identify {unknown}
Potions
 j - 6 potions of curing {unknown}
 l - a potion of cancellation {unknown}
 q - a potion of ambrosia {unknown}
 s - a potion of mutation {unknown}
Comestibles
 f - 3 bread rations
 g - a royal jelly
 h - 12 chunks of flesh
 p - a meat ration


   Skills:
 + Level 4.7 Fighting
 * Level 4.2 Long Blades
 - Level 2.6 Armour
 - Level 2.6 Shields


You had 4 spell levels left.
You didn't know any spells.

Dungeon Overview and Level Annotations

Branches:
Dungeon (3/15)

Altars:
Trog


Innate Abilities, Weirdness & Mutations

You regenerate health from kills.
When hurt, damage is shared between your health and your magic reserves.


Message History

The orc priest is healed somewhat.
You block the orc priest's attack.
Your plate armour prevents you from hitting the orc priest.
The orc priest is heavily wounded.
The orc priest invokes the aid of Beogh against you.
You barely resist. You block the orc's attack.
The orc priest hits you but does no damage.
You block the orc priest's attack.
You hit the orc priest.
The orc priest is severely wounded.
The orc barely misses you.
The orc priest looks satisfied for a moment.
The orc priest hits you but does no damage. x2
You feel very mighty all of a sudden. You block the orc's attack.
The orc priest hits you but does no damage.
You closely miss the orc priest.
The orc priest is severely wounded.
The orc priest calls down the wrath of Beogh upon you.
Pain shoots through your body!
You die...

.#.#.#................##
.......................#
#.#.#.#.##..............
........##..............
.#.#.#.#.#..............
........................
#.#.#.#.##.........>....
.......................#
.#.#.#o@####......<...##
......oo# ####.....###
#.#.#.o## #.....#
....... #.....# .#.#..#
#.....# .. ... ####### #
#..# ...


You could see 3 orc priests and an orc.

Vanquished Creatures
  2 orc priests (D:3)
  Terence (D:3)
  6 adders
  A worm (D:3)
  2 leopard geckos
  4 orcs
  3 bats
  4 giant cockroaches
  11 goblins
  7 hobgoblins
  4 jackals
  8 kobolds
  3 ball pythons
  5 frilled lizards
  8 rats
69 creatures vanquished.

Notes
Turn   | Place    | Note
-------+----------+-------------------------------------------
     0 | D:1      | HallandMoats the Demonspawn Fighter began the quest for the Orb.
     0 | D:1      | Reached XP level 1. HP: 18/18 MP: 1/1
   121 | D:1      | Gained mutation: You regenerate a little health from kills. [demonic ancestry]
   121 | D:1      | Reached XP level 2. HP: 24/24 MP: 2/2
   935 | D:2      | Gained mutation: You regenerate health from kills. [demonic ancestry]
   935 | D:2      | Reached XP level 3. HP: 17/30 MP: 3/3
  1028 | D:2      | Found a bloodstained altar of Trog.
  1212 | D:2      | Reached XP level 4. HP: 6/37 MP: 4/4
  2173 | D:3      | Gained mutation: When hurt, damage is shared between your health and your magic reserves. [demonic ancestry]
  2173 | D:3      | Reached XP level 5. HP: 31/43 MP: 5/5
  2216 | D:3      | Noticed Terence
  2243 | D:3      | Killed Terence
  2376 | D:3      | Killed from afar by an orc priest

Vault maps used:
D:1:      dpeg_arrival_connections
D:2:      marbit_many_paths, first_bread
D:3:      dk_vineyard_3, hex_large, uniq_terence, uniq_crazy_yiuf_cottage

Skill      XL: |  1  2  3  4  5 |
---------------+----------------+-----
Long Blades    | 2 3 4 |  4.2
Fighting       | 4 |  4.7
Armour         | |  2.6
Shields        | |  2.6

Action                   |  1- 3 |  4- 6 || total
-------------------------+-------+-------++-------
Melee: Long sword        |   152 |   138 ||   290
  Use: Potion            |       |     1 ||     1
  Eat: Chunk             |     1 |     4 ||     5
Armor: Scale mail        |    47 |       ||    47
       Plate armour      |    62 |   119 ||   181
Dodge: Dodged            |    27 |    13 ||    40
Block: Shield            |    78 |    89 ||   167
       Rpst.: Long sword |     7 |     4 ||    11
